Map: Terraform LE (Void)

Players

monkeyman

  • Race: Terran Terran
  • League: Silver

SticklerMac - Winner!

  • Race: Zerg Zerg
  • League: Silver

VOD

Have the link to the VOD?

Description

Time

  • Played on: Aug. 29, 2015, 1:49 a.m.
  • Length: 4:06
Show
View Real Time Build Order
Export as new Build Order

monkeyman Terran 

Build Orders:  

Get SALT Encoding   

  12  0:02  SCV  
  13  0:14  SCV  
  13  0:20  Supply Depot  
  14  0:28  SCV  
  15  0:34  Refinery  
  15  0:42  SCV  
  16  0:51  Barracks  
  16  0:54  SCV  
  17  1:06  SCV  
  18  1:18  SCV  
  19  1:25  Engineering Bay  
  19  1:30  SCV  
  20  1:42  SCV  
  20  1:45  Reaper  
  22  1:47  Supply Depot  
  22  1:55  SCV  
  22  1:57  Supply Depot  
  23  2:11  SCV  
  24  2:34  Command Center  
  24  2:35  Barracks  
  25  2:44  SCV  
  26  2:52  Bunker, Barracks  
  26  3:02  Supply Depot  
  24  3:06  Marine  
  24  3:09  SCV  
  26  3:21  SCV  
  26  3:25  Engineering Bay, Marine x2  
  29  3:28  Engineering Bay  
  29  3:36  SCV  
  29  3:40  Marine  
  31  3:43  Marine x2  
Show
View Real Time Build Order
Export as new Build Order

SticklerMac Zerg - Winner!

Build Orders: Pool First 

Get SALT Encoding   

  12  0:01  Drone  
  13  0:09  Drone  
  14  0:19  Overlord  
  14  0:24  Drone, Extractor  
  14  0:37  Drone  
  15  0:47  Spawning Pool  
  14  0:50  Drone  
  15  1:01  Drone x2  
  17  1:06  Drone  
  18  1:16  Drone  
  19  1:36  Metabolic Boost, Queen  
  19  1:39  Drone  
  22  1:49  Overlord  
  22  1:57  Overlord  
  22  2:13  Zergling x2  
  22  2:14  Zergling x2  
  24  2:23  Zergling x2  
  24  2:33  Zergling x2  
  24  2:40  Hatchery  
  23  2:49  Zergling x4  
  23  2:50  Zergling x2  
  26  3:04  Zergling x2  
  27  3:11  Drone  
  28  3:16  Queen  
  30  3:22  Zergling x6  
  33  3:39  Baneling Nest  
  32  3:45  Zergling x4  
Tags
 
Add a new tag
Caveats
  • Supply blocks, unpowered buildings, or Contaminate may cause inaccurate times.
  • Supply counts are checked every 10 seconds.